 Dungeon Crawl Stone Soup version 0.25.0-1-g7eea58d2a3 (webtiles) character file.

Game seed: 1513633430319599802

1499 hittemvvvvhard the Slicer (level 8, -2/37 HPs)
             Began as a Vine Stalker Wizard on June 14, 2020.
             Was a Believer of Trog.
             Slain by Prince Ribbit (10 damage)
             ... on level 5 of the Dungeon.
             The game lasted 00:22:01 (6588 turns).

hittemvvvvhard the Slicer (Vine Stalker Wizard)     Turns: 6588, Time: 00:22:02

Health: -2/37      AC: 11    Str: 12    XL:     8   Next: 81%
Magic:  0/13       EV:  9    Int: 18    God:    Trog [**....]
Gold:   298        SH:  0    Dex: 13    Spells: 12/13 levels left

rFire    . . .     SeeInvis .   a - +0 short sword
rCold    . . .     Gourm    .   (no shield)
rNeg     . . .     Faith    .   b - +0 chain mail
rPois    .         Spirit   +   y - +2 helmet
rElec    .         Reflect  .   (no cloak)
rCorr    .         Harm     .   (no gloves)
MR       +++..                  (no boots)
Stlth    ..........             (no amulet)
HPRegen  1.52/turn              h - +4 ring of evasion
MPRegen  0.13/turn              (no ring)

@: regenerating
A: fangs 3, regeneration 1, magic shield, antimagic bite, no potion heal 3, rot
immunity
a: Berserk, Trog's Hand, Renounce Religion


You were on level 5 of the Dungeon.
You worshipped Trog.
Trog was pleased with you.
You were near starving.

You visited 1 branch of the dungeon, and saw 5 of its levels.

You collected 298 gold pieces.

Inventory:

Hand Weapons
 a - a +0 short sword (weapon)
Missiles
 g - 42 sling bullets
 r - 55 bolts
 t - 87 arrows
 Q - 29 stones (quivered)
Armour
 b - a +0 chain mail (worn)
 y - a +2 helmet (worn)
Jewellery
 h - a +4 ring of evasion (left hand)
Scrolls
 c - 3 scrolls of remove curse {unknown}
 d - 3 scrolls of enchant armour {unknown}
 f - a scroll of magic mapping {unknown}
 i - 3 scrolls of identify {unknown}
 j - 2 scrolls of immolation {unknown}
 k - 2 scrolls of teleportation {unknown}
 l - a scroll of noise {unknown}
 n - a scroll of blinking {unknown}
 p - a scroll of amnesia {unknown}
 z - a scroll of random uselessness {unknown}
Potions
 o - 2 potions of resistance {unknown}
 q - 4 potions of flight {unknown}
 s - a potion of invisibility {unknown}
 u - a potion of haste
 v - 2 potions of curing {unknown}
 A - a potion of heal wounds {unknown}
Comestibles
 e - 4 rations


   Skills:
 - Level 1.3 Fighting
 + Level 9.6 Short Blades
 - Level 1.5 Dodging
 - Level 2.4 Stealth
 - Level 3.2 Spellcasting
 - Level 1.0 Conjurations
   Level 1.0 Summonings
   Level 1.0 Translocations


You had 12 spell levels left.
You knew the following spells:

 Your Spells              Type           Power        Failure   Level  Hunger
a - Magic Dart            Conj           #...         99%         1    None

Your spell library contained the following spells:

 Spells                   Type           Power        Failure   Level  Hunger
 Blink                    Tloc           N/A          100%        2    ##.....
 Call Imp                 Summ           #.......     100%        2    ##.....
 Slow                     Hex            #.......     100%        2    ##.....
 Conjure Flame            Conj/Fire      #.......     100%        3    ###....
 Mephitic Cloud           Conj/Pois/Air  #.......     100%        3    ###....


Dungeon Overview and Level Annotations

Branches:
Dungeon (5/15)             Temple (0/1) D:4

Altars:
Trog
Uskayaw
Zin

Annotations:
D:1 exclusion: downstairs
D:2 Ijyb
D:5 Prince Ribbit


Innate Abilities, Weirdness & Mutations

You have razor-sharp teeth.
Your natural rate of healing is unusually fast.
When hurt, damage is shared between your health and your magic reserves.
Your bite disrupts and absorbs the magic of your enemies.
Potions cannot restore your health.
You are immune to rotting.


Message History

Unknown command.
You hit Prince Ribbit. Prince Ribbit hits you.
* * * LOW HITPOINT WARNING * * *
Unknown command.
You hit Prince Ribbit. Prince Ribbit hits you!
* * * LOW MAGIC WARNING * * *;
* * * LOW HITPOINT WARNING * * *
You take 6 damage, and have 12/37 hp.
You now have 4/13 mp.
Unknown command.
Prince Ribbit hits you but does no damage.
Prince Ribbit hits you!
* * * LOW MAGIC WARNING * * *;
* * * LOW HITPOINT WARNING * * *
You take 6 damage, and have 7/37 hp.
You now have 2/13 mp.
You aren't carrying any items that you can evoke.
Unknown command.
Quiver which item? (- for none, * to show all) (? for menu, Esc to quit)
Okay, then.
Unknown command.
You miss Prince Ribbit. Prince Ribbit hits you!
* * * LOW MAGIC WARNING * * *
You die...

#.##.# #...# ####.## ..##.#
..### #.....# .....#
######.###.# #.#### #
#....#.....# ...#######
#.##....#####.# .........#
#...........#.#
.........#######....#...#.#
.........##....#....#.###.#
.........##....#@...#.....#
.........##....#F...#######
.........##(........#
#.....#####.......###
#[###.# #.......# #.###.#
#.....$.# ......# #.......#
#.##### #.......# #.#
#.......#

Skill      XL: |  1  2  3  4  5  6  7  8 |
---------------+-------------------------+-----
Fighting       | 1 |  1.3
Short Blades   | 1 2 3 4 6 7 9 |  9.6
Dodging        | |  1.5
Stealth        | |  2.4
Spellcasting   | |  3.2
Conjurations   | |  1.0
Summonings     | |  1.0
Translocations | |  1.0

Notes
Turn   | Place    | Note
-------+----------+-------------------------------------------
     0 | D:1      | hittemvvvvhard the Vine Stalker Wizard began the quest for
                  | the Orb.
     0 | D:1      | Reached XP level 1. HP: 9/9 MP: 5/5
   169 | D:1      | Reached skill level 1 in Fighting
   245 | D:1      | Reached XP level 2. HP: 11/14 MP: 0/7
   454 | D:1      | Reached skill level 1 in Short Blades
   713 | D:1      | Reached XP level 3. HP: 18/18 MP: 6/8
   839 | D:1      | Reached skill level 2 in Short Blades
  1695 | D:2      | Found a bloodstained altar of Trog.
  1707 | D:2      | Became a worshipper of Trog the Wrathful
  1840 | D:2      | Found a faded altar of an unknown god.
  1856 | D:2      | Gained mutation: Your natural rate of healing is unusually
                  | fast. [Vine Stalker growth]
  1856 | D:2      | Reached XP level 4. HP: 22/22 MP: 9/9
  1911 | D:2      | Reached skill level 3 in Short Blades
  2859 | D:2      | Noticed Ijyb
  3087 | D:2      | Reached XP level 5. HP: 23/25 MP: 8/10
  3230 | D:2      | Reached skill level 4 in Short Blades
  3296 | D:2      | Reached * piety under Trog
  3752 | D:3      | Reached XP level 6. HP: 30/30 MP: 11/11
  3814 | D:3      | Reached skill level 5 in Short Blades
  3895 | D:3      | Found a hide-covered altar of Uskayaw.
  4016 | D:3      | Noticed Grinder
  4027 | D:3      | Killed Grinder
  4027 | D:3      | Reached skill level 6 in Short Blades
  4027 | D:3      | Reached XP level 7. HP: 32/33 MP: 8/12
  4242 | D:3      | Found a glowing silver altar of Zin.
  4378 | D:4      | Noticed Blork the orc
  4395 | D:4      | Killed Blork the orc
  4659 | D:4      | Reached skill level 7 in Short Blades
  5072 | D:4      | Found a staircase to the Ecumenical Temple.
  5073 | D:4      | Noticed Natasha
  5100 | D:3      | Killed Natasha
  5344 | D:3      | Noticed Natasha
  5351 | D:3      | Killed Natasha
  5400 | D:3      | Noticed Natasha
  5405 | D:3      | Killed Natasha
  5405 | D:3      | Reached ** piety under Trog
  5513 | D:4      | Gained mutation: You have razor-sharp teeth. [Vine Stalker
                  | growth]
  5513 | D:4      | Reached XP level 8. HP: 37/37 MP: 13/13
  5712 | D:4      | Noticed Edmund
  5779 | D:4      | Killed Edmund
  5779 | D:4      | Reached skill level 8 in Short Blades
  5981 | D:5      | Entered Level 5 of the Dungeon
  6207 | D:5      | Reached skill level 9 in Short Blades
  6563 | D:5      | Noticed Prince Ribbit
  6587 | D:5      | HP: 7/37 [Prince Ribbit (8)]
  6588 | D:5      | Slain by Prince Ribbit

Table legend:
 A = Turns spent in this place as a percentage of turns spent in the entire game.
 B = Non-inter-level travel turns spent in this place as a percentage of non-inter-level travel turns spent in the entire game.
 C = Inter-level travel turns spent in this place as a percentage of turns spent in this place.
 D = Turns resting spent in this place as a percentage of non-inter-level travel turns spent in this place.
 E = Turns spent auto-exploring this place as a percentage of non-inter-level travel turns spent in this place.
 F = Non-inter-level travel turns spent in this place divided by the number of levels of this place that you've seen.
                   A       B       C       D       E      F
               +-------+-------+-------+-------+-------+----------------------
         Total | 100.0 | 100.0 |   6.8 |   5.5 |  67.8 | 1228.4
       Dungeon | 100.0 | 100.0 |   6.8 |   5.5 |  67.8 | 1228.4
               +-------+-------+-------+-------+-------+----------------------

Table legend:
 A = Kills in this place as a percentage of kills in entire the game.
 B = Kills by you in this place as a percentage of kills by you in the entire game.
 C = Kills by friends in this place as a percentage of kills by friends in the entire game.
 D = Other kills in this place as a percentage of other kills in the entire game.
 E = Experience gained in this place as a percentage of experience gained in the entire game.
 F = Experience gained in this place divided by the number of levels of this place that you have seen.
                   A       B       C       D       E      F
               +-------+-------+-------+-------+-------+----------------------
         Total | 100.0 | 100.0 |   N/A |   N/A | 100.0 | 428.4
       Dungeon | 100.0 | 100.0 |   N/A |   N/A | 100.0 | 428.4
               +-------+-------+-------+-------+-------+----------------------

Action                   |  1- 3 |  4- 6 |  7- 9 || total
-------------------------+-------+-------+-------++-------
Melee: Unarmed           |     2 |       |       ||     2
       Short sword       |    51 |   348 |   364 ||   763
       Bite              |     5 |    71 |    66 ||   142
Throw: Stone             |     7 |    38 |    11 ||    56
       Boomerang         |       |     2 |    44 ||    46
       Throwing net      |       |     1 |     1 ||     2
       Dart              |       |       |    19 ||    19
 Cast: Magic Dart        |    71 |       |       ||    71
Invok: Berserk           |       |     5 |     4 ||     9
       Trog's Hand       |       |       |     1 ||     1
 Stab: Sleeping          |     1 |       |       ||     1
  Eat: Chunk             |     3 |     8 |     8 ||    19
       Ration            |       |     1 |     1 ||     2
Armor: Robe              |     6 |       |       ||     6
       Scale mail        |     7 |    82 |    14 ||   103
       Chain mail        |       |       |    60 ||    60
Dodge: Dodged            |    51 |   203 |   122 ||   376

Vanquished Creatures
  Grinder (D:3)
  Edmund (D:4)
  2 phantoms
  A centaur (D:5)
  Blork the orc (D:4)
  3 scorpions
  A howler monkey (D:4)
  2 crimson imps (D:5)
  A hound (D:5)
  2 orc priests
  A centaur skeleton (D:5)
  2 orc wizards (D:4)
  Natasha (thrice) (D:3)
  An iguana (D:5)
  5 worker ants (D:4)
  5 adders
  7 gnolls
  A shadow imp (D:5)
  2 oozes (D:1)
  2 adder skeletons
  A dart slug (D:1)
  4 leopard geckos
  12 orcs
  10 giant cockroaches
  10 goblins
  10 hobgoblins
  4 jackals (D:1)
  2 ball pythons (D:1)
  12 bats
  5 frilled lizards
  6 kobolds
  A quokka skeleton (D:5)
  5 rats
126 creatures vanquished. You could see Prince Ribbit.

Levels and vault maps discovered:
D:1:      eino_arrival_water_cross, layout_loops_ring, nrook_campfire,
          wander_ebering_terrifying_dragon_lair
D:2:      kennysheep_the_goblin_king, layout_basic, lemuel_crystal_altar,
          chequers_ecumenical_altar_simple_redux
D:3:      layout_loops_ring, zin_scriptorium, lemuel_coloured_pillars_altar,
          serial_glass, glass_columns_b, glass_columns_a, first_ration,
          uniq_grinder
D:4:      layout_loops_ring, minmay_temple_entry_wispy, minmay_misc_feat_cross,
          uniq_blork_the_orc, uniq_natasha, uniq_edmund
D:5:      layout_basic, uniq_prince_ribbit1
